 Dungeon Crawl Stone Soup version 0.30.0-5-g1a98f26d00 (webtiles) character file.

Game seed: 11266580880066609335

63 dialectric the Sneak (level 4, -2/29 HPs)
             Began as a Gargoyle Delver on May 9, 2023.
             Was an Initiate of Qazlal.
             Slain by a water moccasin (5 damage)
             ... on level 4 of the Dungeon.
             The game lasted 00:01:43 (576 turns).

dialectric the Sneak (Gargoyle Delver)               Turns: 576, Time: 00:01:44

Health: -2/29      AC:  9    Str: 18    XL:     4   Next: 9%
Magic:  4/4        EV: 10    Int: 10    God:    Qazlal [......]
Gold:   73         SH:  0    Dex: 11    Spells: 3/3 levels left

rFire   . . .        h - +0 dagger (venom)
rCold   . . .        (no shield)
rNeg    + . .        n - +0 scale mail
rPois   ∞            (no helmet)
rElec   +            (no cloak)
rCorr   .            (no gloves)
SInv    .            (no boots)
Will    .....        (no amulet)
Stlth   ++           (no ring)
HPRegen 0.24/turn    (no ring)
MPRegen 0.09/turn

%: no passive effects
@: no status effects
A: sickness immunity, AC +3, negative energy resistance 1, electricity
resistance, torment resistance 1, petrification resistance
a: Renounce Religion


You were on level 4 of the Dungeon.
You worshipped Qazlal.
Qazlal was noncommittal.
You visited 1 branch of the dungeon, and saw 2 of its levels.

You collected 73 gold pieces.

Inventory:

Hand Weapons
 a - a +0 mace
 h - a +0 dagger of venom (weapon)
Missiles
 p - 2 poisoned darts (quivered)
Armour
 b - a +0 leather armour
 j - a +0 kite shield
 n - a +0 scale mail (worn)
Wands
 g - a wand of digging (3)
Scrolls
 c - a scroll of fog
 d - 5 scrolls of magic mapping
 e - a scroll of fear
 i - a scroll of brand weapon {unknown}
 k - a scroll of blinking {unknown}
 l - a scroll of teleportation {unknown}
 m - a scroll of silence {unknown}
 o - 3 scrolls of acquirement {unknown}
Potions
 f - a potion of haste


   Skills:
 + Level 3.8 Fighting
 + Level 2.7 Maces & Flails
 + Level 0.8 Armour
 * Level 1.8 Dodging
 - Level 6.1 Stealth


You had 3 spell levels left.
You didn't know any spells.
Your spell library was empty.

Dungeon Overview and Level Annotations

Branches:
Dungeon (5/15)
 Temple: D:4-7

Altars:
Elyvilon
Gozag
Qazlal


Innate Abilities, Weirdness & Mutations

You are immune to sickness and miasma.
Your stone body is resilient. (AC +3)
You are immune to poison.
You resist negative energy. (rN+)
You are resistant to electric shocks. (rElec)
You are resistant to unholy torment.
You are immune to petrification.


Message History

Found an opulent altar of Gozag and a white marble altar of Elyvilon.
No target in view!
A water moccasin comes into view.
There is an open door here.
The water moccasin hisses angrily.
No target in view!
The water moccasin bites you but does no damage.
Found a scroll labelled APEWKAWAEVA.
The water moccasin barely misses you.
A hobgoblin comes into view.
You see here 2 poisoned darts.
p - 2 poisoned darts The water moccasin bites you.
The water moccasin barely misses you.
The water moccasin attacks as you move away!
The water moccasin closely misses you.
Found a chain mail.
The water moccasin bites you but does no damage.
The hobgoblin shouts!
The hobgoblin barely misses you.
You hit the hobgoblin.
The hobgoblin is heavily wounded.
The water moccasin barely misses you.
The hobgoblin hits you but does no damage.
The water moccasin bites you.
You closely miss the hobgoblin.
The hobgoblin is heavily wounded.
The hobgoblin hits you but does no damage.
The water moccasin bites you!
You barely miss the hobgoblin.
The hobgoblin is heavily wounded.
The water moccasin bites you. The hobgoblin closely misses you.
You hit the hobgoblin.
The hobgoblin is poisoned.
The hobgoblin is almost dead.
The water moccasin barely misses you. The hobgoblin hits you.
* * * LOW HITPOINT WARNING * * *
The water moccasin bites you.
* * * LOW HITPOINT WARNING * * *
You hit the hobgoblin but do no damage.
The hobgoblin is almost dead.
The water moccasin bites you.
You die...

... #.. #.[ .#
#.# . .# #.#?. .
.# #.#.##. .#
#g#.#.####.#
#@#.#......####+#
#S#.#....#.......
#.#.#............
#.#.#.##.'#######
#......#.#...≈...
######.#.#._.≈._.
#....#.#...≈...
#<####.########
#####.# #....#


You could see a water moccasin and a hobgoblin (very poisoned).

Vanquished Creatures
  5 adders (D:4)
  5 orcs (D:4)
  2 endoplasms (D:4)
  2 giant cockroaches (D:4)
14 creatures vanquished.

Notes
Turn   | Place    | Note
-------+----------+-------------------------------------------
     0 | D:5      | dialectric the Gargoyle Delver began the quest for the Orb.
     0 | D:5      | Reached XP level 1. HP: 14/14 MP: 1/1
    68 | D:4      | Noticed an iguana
   145 | D:5      | Found a stormy altar of Qazlal.
   154 | D:5      | Became a worshipper of Qazlal Stormbringer
   224 | D:4      | Reached XP level 2. HP: 19/19 MP: 2/2
   233 | D:4      | Reached skill level 6 in Stealth
   260 | D:4      | Reached XP level 3. HP: 21/23 MP: 3/3
   371 | D:4      | Reached XP level 4. HP: 6/29 MP: 4/4
   557 | D:4      | Found an opulent altar of Gozag.
   557 | D:4      | Found a white marble altar of Elyvilon.
   558 | D:4      | Noticed a water moccasin
   576 | D:4      | Slain by a water moccasin

Illustrated notes

Levels and vault maps discovered:
D:4:      layout_basic, nemelex_xobeh_ov_fountains_minmay,
          mainiacjoe_overflow_divided_tiny, nicolae_half_adder
D:5:      layout_gridville, grunt_qazlal_clouds, serial_shops, shop,
          hangedman_abyss_or_decor_passed

Skill      XL: |  1  2 |
---------------+-------+-----
Stealth        | 6 |  6.1
Fighting       | |  3.8
Maces & Flails | |  2.7
Armour         | |  0.8
Dodging        | |  1.8

Action                     |  1- 3 |  4- 6 || total
---------------------------+-------+-------++-------
  Melee: Mace              |    73 |    13 ||    86
         Dagger            |       |     7 ||     7
    Use: Potion            |     1 |       ||     1
   Stab: Sleeping          |     1 |       ||     1
 Armour: Scale mail        |    39 |    11 ||    50
         Skin              |    26 |       ||    26
  Dodge: Dodged            |    42 |    15 ||    57
